 Dungeon Crawl Stone Soup version 0.32-a0-128-g77eb882913 (webtiles) character file.

Game seed: 4287529329692683070

5287 Ge0ff the Spear-Bearer (level 10, 0/79 HPs)
             Began as a Mummy Reaver on Feb 8, 2024.
             Was a Believer of Yredelemnul.
             Slain by Maggie
             ... wielding a +2 glaive of flaming
              (1 damage)
             ... on level 8 of the Dungeon.
             The game lasted 00:10:43 (7067 turns).

Ge0ff the Spear-Bearer (Mummy Reaver)               Turns: 7067, Time: 00:10:43

Health: 0/79       AC: 14    Str: 18    XL:     10   Next: 37%
Magic:  23/23      EV:  8    Int: 15    God:    Yredelemnul [**....]
Gold:   152        SH:  0    Dex: 10    Spells: 12/15 levels left

rFire   + . .        a - +12 glaive of Prune {freeze, Prune}
rCold   . . .        (shield currently unavailable)
rNeg    + + +        Z - +3 chain mail {rF+}
rPois   ∞            (no helmet)
rElec   .            (no cloak)
rCorr   .            (no gloves)
SInv    .            Q - +2 pair of boots {Fly}
Will    +....        (no amulet) Stlth
                     m - ring of magical power
HPRegen 0.33/turn    R - ring of fire
MPRegen 0.18/turn

%: faith
@: about to teleport, flying, mesmerised
A: cold resistance 1, negative energy resistance 3, torment resistance 2, heat
vulnerability 1, in touch with death 1, no potions, faith
a: Renounce Religion, Recall Undead Harvest, Dark Bargain


You were on level 8 of the Dungeon.
You worshipped Yredelemnul.
Yredelemnul was noncommittal.
You visited 2 branches of the dungeon, and saw 9 of its levels.

You collected 347 gold pieces.
You spent 195 gold pieces at shops.

Inventory:

Hand Weapons
 a - the +12 glaive of Prune (weapon) {freeze, Prune}
   (You found it on level 3 of the Dungeon)

   Prune:     It halves damage taken while paralysed, petrified or unconscious.
 b - a +0 trident
 h - a +1 hand axe of electrocution
 H - a +1 demon whip of venom
 J - a +0 dagger of chaos
 S - the +5 woodcutter's axe
   (You found it on level 6 of the Dungeon)
Missiles
 e - 2 javelins
 O - a boomerang
 U - 56 stones (quivered)
 W - 13 poisoned darts
Armour
 I - a +2 robe of positive energy
 P - a +0 kite shield
 Q - a +2 pair of boots of flying (worn)
 Z - a +3 chain mail of fire resistance (worn)
Magical Staves
 Y - a staff of alchemy
Jewellery
 m - a ring of magical power (left hand)
 R - a ring of fire (right hand)
Wands
 f - a wand of flame (38)
 j - a wand of quicksilver (5)
Scrolls
 B - 2 scrolls of blinking
 K - a scroll of summoning {unknown}
 L - a scroll of enchant weapon {unknown}
 M - 2 scrolls of revelation {unknown}
 N - a scroll of poison {unknown}
 T - 2 scrolls of teleportation
 V - a scroll of vulnerability
 X - 2 scrolls of enchant armour


   Skills:
 - Level 7.0 Fighting
 * Level 11.1 Polearms
 - Level 2.0 Armour
 - Level 1.5 Dodging
 - Level 3.0 Spellcasting
 - Level 2.4 Conjurations
 - Level 2.0 Hexes
 - Level 3.0 Evocations


You had 12 spell levels left.
You knew the following spells:

 Your Spells              Type           Power      Damage    Failure   Level
s - Jinxbite              Hex            16%        N/A       78%         2
E - Kiss of Death         Conj/Necr      32%        2d7       77%         1

Your spell library contained the following spells:

 Spells                   Type           Power      Damage    Failure   Level
 Momentum Strike          Conj/Tloc      10%        3d8       88%         2
 Apportation              Tloc           4%         N/A       89%         1
 Hailstorm                Conj/Ice       5%         3d5       98%         3
 Alistair's Intoxication  Alch           1%         N/A       100%        5


Dungeon Overview and Level Annotations

Branches:
Dungeon (8/15) Zot: 26698  Temple (1/1) D:5 Zot: 5983
   Lair: D:8-11

Altars:
Ashenzari
Cheibriados
Dithmenos
Fedhas
Hepliaklqana
Kikubaaqudgha
Makhleb
Nemelex Xobeh
Okawaru
Qazlal
Ru
Sif Muna
Trog
Uskayaw
Wu Jian
Xom
Yredelemnul

Shops:
D:2 [

Annotations:
D:8 Maggie


Innate Abilities, Weirdness & Mutations

You are immune to poison.
Your flesh is cold resistant. (rC+)
You are immune to negative energy. (rN+++)
You are immune to unholy pain and torment.
You are vulnerable to heat. (rF-)
You are in touch with the powers of death.
You do not drink.
You have a special connection with the divine. (Faith)


Message History

Your orc zombie barely misses Maggie.
Maggie hits you from afar with a +2 glaive of flaming!
Maggie burns you.
Reach: a) +12 glaive of Prune {freeze, Prune}
Press: ? - help, Dir - move target, f/p - Maggie
Aim: Maggie, wielding a +2 glaive of flaming and wearing +1 steam dragon scales (lightly wounded, mesmerising, ally target, about 29% to evade the +12 glaive of Prune)
You reach to attack!
You barely miss Maggie.
Maggie is lightly wounded.
Joseph hits Maggie.
Your orc zombie hits Maggie but does no damage.
Maggie hits you from afar with a +2 glaive of flaming.
Maggie burns you.
Reach: a) +12 glaive of Prune {freeze, Prune}
Press: ? - help, Dir - move target, f/p - Maggie
Aim: Maggie, wielding a +2 glaive of flaming and wearing +1 steam dragon scales (lightly wounded, mesmerising, ally target, about 29% to evade the +12 glaive of Prune)
You could not reach far enough!
Maggie casts a spell at you.
The bolt of fire hits Joseph!!
The bolt of fire hits you!!
* * * LOW HITPOINT WARNING * * *
Joseph hits Maggie.
Your orc zombie hits Maggie but does no damage.
You cannot move away from Maggie!
Blink to where?
Press: ? - help, Dir - move target, f - gnoll, p - Maggie
Aim: a gnoll, wielding a +0 club (covering ground quickly)
Okay, then.
Aiming: Quicksilver Bolt
Press: ? - help, Shift-Dir - straight line, f/p - Maggie
Aim: Maggie, wielding a +2 glaive of flaming and wearing +1 steam dragon scales (lightly wounded, mesmerising, ally target, 74% to hit)
Okay, then.
Reach: a) +12 glaive of Prune {freeze, Prune}
Press: ? - help, Dir - move target, f/p - Maggie
Aim: Maggie, wielding a +2 glaive of flaming and wearing +1 steam dragon scales (lightly wounded, mesmerising, ally target, about 29% to evade the +12 glaive of Prune)
You reach to attack!
You slash Maggie! You freeze Maggie.
Maggie is moderately wounded.
Maggie points at you and mumbles some strange words.
The bolt of fire hits Joseph!!
The bolt of fire hits you.
* * * LOW HITPOINT WARNING * * *
Joseph hits Maggie.
Your orc zombie barely misses Maggie.
You feel more attuned to fire.
R - a ring of fire (right hand) Maggie completely misses you.
Joseph misses Maggie.
As you read the scroll of teleportation, it crumbles to dust.
You feel strangely unstable.
Your orc zombie hits Maggie but does no damage.
Maggie hits you from afar with a +2 glaive of flaming.
* * * LOW HITPOINT WARNING * * *
Maggie burns you.
You die...
You join the legions of the undead harvest.

########### .
#....##... ...
#....##.####.....
#####.....!ZZ@ZZ.....
#..........Z###@#.##.
#.###.####### .. #.#
#.# ... ##.###.# ...
#....#.# .. ##..#.#.#
. #.###.#.#
#)....#.##


You could see Maggie (mesmerising, ally target), a friendly water moccasin
zombie, a friendly gnoll zombie, a friendly orc zombie, the friendly Joseph the
human zombie and the friendly Grum the gnoll zombie.

Vanquished Creatures
  Amaemon (D:8)
  An orange demon (D:8)
  Joseph (D:8)
  6 yaks (D:8)
  A spectral orange demon (D:8)
  Edmund (D:4)
  2 water moccasins
  Duvessa (D:6)
  A spectral yak (D:8)
  An ice beast (D:6)
  A sky beast (D:7)
  An ogre (D:4)
  3 orc warriors
  2 wolves (D:8)
  4 phantoms
  Blork the orc (D:6)
  A kobold brigand (D:7)
  A bullfrog (D:8)
  7 scorpions
  2 bombardier beetles
  A wolf zombie (D:8)
  4 hounds
  4 orc priests
  A gnoll bouda (D:6)
  An iguana (D:5)
  5 orc wizards
  A sleepcap (D:7)
  5 gnolls
  7 adders
  3 shadow imps (D:6)
  3 white imps
  4 ribbon worms
  3 dart slugs
  21 orcs
  5 endoplasms
  A giant cockroach (D:2)
  6 goblins
  5 hobgoblins
  3 jackals (D:1)
  6 quokkas
  4 ball pythons (D:1)
  6 bats
  4 frilled lizards
  11 kobolds
  6 rats
159 creatures vanquished.

Vanquished Creatures (collateral kills)
  Psyche (D:8)
  Grum (D:8)
  Dowan (D:6)
  A gnoll (D:6)
  An orc (D:7)
5 creatures vanquished.

Vanquished Creatures (others)
  A human zombie (D:8)
  2 yak zombies (D:8)
  A bullfrog zombie (D:8)
  An orc wizard (D:8)
  A hound zombie (D:7)
  A spectral white imp (D:7)
  2 gnoll zombies (D:6)
  2 kobold zombies (D:7)
  4 orc zombies
15 creatures vanquished.

Grand Total: 179 creatures vanquished

Notes
Turn   | Place    | Note
-------+----------+-------------------------------------------
     0 | D:1      | Ge0ff the Mummy Reaver began the quest for the Orb.
     0 | D:1      | Reached XP level 1. HP: 16/16 MP: 4/4
   180 | D:1      | Reached skill level 3 in Polearms
   180 | D:1      | Reached XP level 2. HP: 12/19 MP: 5/5
   532 | D:1      | Learned a level 2 spell: Jinxbite
   899 | D:1      | Reached skill level 1 in Hexes
  1049 | D:2      | Reached XP level 3. HP: 25/27 MP: 7/7
  1581 | D:2      | Reached XP level 4. HP: 28/33 MP: 5/8
  2067 | D:2      | Found Liacwun's Antique Armour Boutique.
  2397 | D:3      | Found the +12 glaive of Prune {freeze, Prune}
  2960 | D:4      | Reached skill level 4 in Polearms
  3018 | D:4      | Noticed an ogre
  3021 | D:4      | Noticed a scorpion
  3023 | D:4      | Killed an ogre
  3024 | D:4      | Reached XP level 5. HP: 39/39 MP: 9/9
  3027 | D:4      | Reached skill level 1 in Armour
  3027 | D:4      | Reached XP level 6. HP: 47/47 MP: 10/10
  3101 | D:4      | Noticed Edmund
  3107 | D:4      | Killed Edmund
  3108 | D:4      | Reached skill level 5 in Polearms
  3120 | D:4      | Reached XP level 7. HP: 40/53 MP: 11/11
  3733 | D:4      | Found a shimmering blue altar of Sif Muna.
  3813 | D:5      | Entered Level 5 of the Dungeon
  3840 | D:5      | Reached skill level 6 in Polearms
  4300 | D:5      | Reached skill level 5 in Fighting
  4300 | D:5      | Reached XP level 8. HP: 54/62 MP: 12/12
  4596 | D:5      | Found a staircase to the Ecumenical Temple.
  4605 | Temple   | Entered the Ecumenical Temple
  4613 | Temple   | Became a worshipper of Yredelemnul the Dark
  4744 | D:2      | Bought a pair of runed boots for 195 gold pieces
  5081 | D:6      | Reached skill level 7 in Polearms
  5102 | D:6      | Found the +5 woodcutter's axe
  5193 | D:6      | Reached * piety under Yredelemnul
  5211 | D:6      | Reached ** piety under Yredelemnul
  5390 | D:6      | Noticed Blork the orc
  5394 | D:6      | Killed Blork the orc
  5394 | D:6      | Noticed Duvessa
  5395 | D:6      | Reached skill level 1 in Evocations
  5402 | D:6      | Killed Duvessa
  5405 | D:6      | Noticed Dowan
  5410 | D:6      | Killed Dowan
  5411 | D:6      | Reached *** piety under Yredelemnul
  5657 | D:6      | Found a bloodstained altar of Trog.
  5670 | D:6      | Found a shimmering altar of Xom.
  5703 | D:6      | Reached **** piety under Yredelemnul
  5959 | D:7      | Reached XP level 9. HP: 69/69 MP: 13/13
  6067 | D:7      | Reached skill level 8 in Polearms
  6103 | D:7      | Found a burning altar of Makhleb.
  6823 | D:8      | Noticed Psyche
  6829 | D:8      | Paralysed by Psyche for 1 turns
  6829 | D:8      | Killed Psyche
  6862 | D:8      | Noticed Amaemon
  6862 | D:8      | Noticed an orange demon
  6868 | D:8      | Your ally Psyche died
  6871 | D:8      | Killed Amaemon
  6872 | D:8      | Reached skill level 10 in Polearms
  6872 | D:8      | Reached XP level 10. HP: 36/79 MP: 14/14
  6875 | D:8      | Noticed Grum
  6878 | D:8      | Killed an orange demon
  6884 | D:8      | Killed Grum
  7052 | D:8      | Noticed Maggie
  7053 | D:8      | Noticed Joseph
  7059 | D:8      | Killed Joseph
  7060 | D:8      | Reached skill level 11 in Polearms
  7067 | D:8      | HP: 1/79 [Maggie/+2 glaive of flaming (5)]
  7067 | D:8      | Slain by Maggie

Illustrated notes

Levels and vault maps discovered:
D:1:      elethiomel_arrival_maze, layout_basic
D:2:      minmay_chambers_of_ones, layout_loops_cross, serial_shops, shop
D:3:      layout_basic
D:4:      layout_basic, led_sif_pool, uniq_edmund
D:5:      layout_loops_ring, minmay_temple_entry_poolview,
          dreamdust_princess_corridor
D:6:      layout_loops_corners, overflow_temple_1_default, lemuel_crystal_altar,
          uniq_duvessa, uniq_blork_the_orc
D:7:      layout_basic, bloody_makhleb
D:8:      cheibrodos_iron_armory, layout_basic, grunt_temple_overflow_diamond,
          uniq_gastronok, uniq_amaemon, uniq_psyche, uniq_maggie, uniq_joseph,
          uniq_grum
Temple:   nicolae_temple_no_exploring_needed

Skill      XL: |  1  2  3  4  5  6  7  8  9 10 |
---------------+-------------------------------+-----
Polearms       | 3 4 5 6 7 10 11 | 11.1
Hexes          | 1 2 |  2.0
Spellcasting   | 3 |  3.0
Fighting       | 3 5 6 7 |  7.0
Armour         | 1 2 |  2.0
Evocations     | 2 3 |  3.0
Dodging        | |  1.5
Conjurations   | |  2.4

Action                     |  1- 3 |  4- 6 |  7- 9 | 10-12 || total
---------------------------+-------+-------+-------+-------++-------
  Melee: Spear             |   186 |     5 |       |       ||   191
         Punch             |     5 |     1 |       |       ||     6
         Trident           |       |    23 |       |       ||    23
         Glaive            |       |    26 |   171 |    19 ||   216
   Cast: Kiss of Death     |     1 |       |       |       ||     1
         Jinxbite          |     7 |    11 |       |       ||    18
  Evoke: Wand              |       |       |     1 |       ||     1
    Use: Scroll            |       |     4 |     3 |     1 ||     8
 Armour: Leather armour    |    77 |    17 |       |       ||    94
         Scale mail        |       |     5 |       |       ||     5
         Chain mail        |       |       |   131 |    14 ||   145
  Dodge: Dodged            |    88 |    22 |    38 |     4 ||   152

Table legend: (Time is in decaauts)
 A = Elapsed time spent in this place.
 B = Non-inter-level travel time spent in this place.
 C = Inter-level travel time spent in this place.
 D = Time resting spent in this place.
 E = Time spent auto-exploring this place.
 F = Levels seen in this place.
 G = Mean time per level.
                   A        B        C        D        E       F      G
               +--------+--------+--------+--------+--------+-----+--------+
         Total |   7137 |   6420 |    717 |      6 |   5100 |   9 |  793.0 |
       Dungeon |   7120 |   6411 |    709 |      6 |   5100 |   8 |  890.0 |
        Temple |     16 |      8 |      8 |      0 |      0 |   1 |   16.0 |
               +--------+--------+--------+--------+--------+-----+--------+

Top non-repeatable levels by time:
     D:2: 1191 daAuts
     D:4: 1156 daAuts
     D:1: 1087 daAuts
     D:6: 985 daAuts
     D:5: 893 daAuts
     D:7: 865 daAuts
     D:3: 640 daAuts
     D:8: 300 daAuts
  Temple: 16 daAuts
